 Dungeon Crawl Stone Soup version 0.21.1 (webtiles) character file.

193 tidbits the Charmwright (level 5, -7/43 HPs)
             Began as a Gnoll Skald on Feb 2, 2018.
             Was an Initiate of Cheibriados.
             Mangled by an ogre
             ... wielding a +0 giant spiked club
              (16 damage)
             ... on level 5 of the Dungeon.
             The game lasted 00:06:35 (634 turns).

tidbits the Charmwright (Gnoll Skald)                Turns: 634, Time: 00:06:36

Health: -7/43      AC:  3    Str: 14    XL:     5   Next: 72%
Magic:  9/12       EV: 14    Int: 17    God:    Cheibriados [......]
Gold:   159        SH:  0    Dex: 16    Spells: 3/14 levels left

rFire    . . .     SeeInvis .   m - +0 dagger
rCold    . . .     Gourm    .   (no shield)
rNeg     . . .     Faith    .   b - +0 leather armour
rPois    .         Spirit   .   (no helmet)
rElec    .         Reflect  .   (no cloak)
rCorr    .         Harm     .   (no gloves)
MR       .....                  (no boots)
Stlth    ++........             (no amulet)
HPRegen  0.14/turn              W - ring of wizardry
MPRegen  0.13/turn              (no ring)

@: very slow
A: distributed training, fangs 1, strong nose
a: Bend Time, Renounce Religion


You were on level 5 of the Dungeon.
You worshipped Cheibriados.
Cheibriados was noncommittal.
You were not hungry.

You visited 1 branch of the dungeon, and saw 5 of its levels.

You collected 159 gold pieces.

Inventory:

Hand Weapons
 a - a +0 hand axe
 j - a cursed -2 quarterstaff
 m - a +0 dagger (weapon)
Missiles
 h - 23 sling bullets
 i - 4 tomahawks (quivered)
Armour
 b - a +0 leather armour (worn)
Jewellery
 W - a ring of wizardry (left hand)
   (You found it on level 3 of the Dungeon)
Scrolls
 f - a scroll of magic mapping {unknown}
 k - a scroll of remove curse {unknown}
 l - a scroll of identify {unknown}
 t - 2 scrolls of teleportation
Potions
 g - a potion of brilliance
Books
 c - a book of Battle

   Spells                             Type                      Level
   a - Infusion                       Charms                       1
   b - Shroud of Golubria             Charms/Translocation         2
   c - Song of Slaying                Charms                       2
   d - Spectral Weapon                Hexes/Charms                 3
   e - Regeneration                   Charms/Necromancy            3
Comestibles
 d - 2 rations


   Skills:
 + Level 4.8 Fighting
 + Level 1.6 Short Blades
 + Level 1.6 Long Blades
 + Level 4.8 Axes
 + Level 1.6 Maces & Flails
 + Level 1.6 Polearms
 + Level 1.6 Staves
 + Level 1.6 Slings
 + Level 1.6 Bows
 + Level 1.6 Crossbows
 + Level 1.6 Throwing
 + Level 3.0 Armour
 + Level 4.8 Dodging
 + Level 1.6 Stealth
 + Level 1.6 Shields
 + Level 1.6 Unarmed Combat
 + Level 5.2 Spellcasting
 + Level 1.2 Conjurations
 + Level 1.2 Hexes
 + Level 5.5 Charms
 + Level 1.2 Summonings
 + Level 1.2 Necromancy
 + Level 1.2 Translocations
 + Level 1.2 Transmutations
 + Level 1.2 Fire Magic
 + Level 1.2 Ice Magic
 + Level 1.2 Air Magic
 + Level 1.2 Earth Magic
 + Level 1.2 Poison Magic
 + Level 1.8 Invocations
 + Level 1.6 Evocations


You had 3 spell levels left.
You knew the following spells:

 Your Spells              Type           Power        Failure   Level  Hunger
g - Shroud of Golubria    Chrm/Tloc      ###.......   2%          2    #......
i - Infusion              Chrm           ###.         1%          1    None
r - Regeneration          Chrm/Necr      ###.......   4%          3    ###....
w - Spectral Weapon       Hex/Chrm       ###.....     4%          3    ###....
y - Song of Slaying       Chrm           ###.....     1%          2    #......


Dungeon Overview and Level Annotations

Branches:
Dungeon (5/15)
 Temple: D:4-7

Altars:
Cheibriados
Uskayaw


Innate Abilities, Weirdness & Mutations

Your experience applies equally to all skills.
You have very sharp teeth.
Your uncanny sense of smell can sniff out nearby items.


Message History

The scorpion is severely wounded.
You feel sick.
Your spectral weapon barely misses the scorpion.
The scorpion stings you.
You closely miss the scorpion.
The scorpion is severely wounded.
Your spectral weapon hits the scorpion but does no damage.
The scorpion misses you.
The orc wizard casts a spell.
The orc wizard blinks!
Unknown command.
You hit the scorpion.
The scorpion is almost dead.
You feel sick.
Your spectral weapon closely misses the scorpion.
The scorpion barely misses you.
You closely miss the scorpion. Your bite misses the scorpion.
The scorpion is almost dead.
You feel sick.
Your spectral weapon completely misses the scorpion.
The scorpion closely misses you.
You hit the scorpion. Your bite misses the scorpion.
The scorpion is almost dead.
You feel sick.
Your spectral weapon hits the scorpion but does no damage.
The scorpion closely misses you. The orc wizard hits you with a dagger.
You hit the scorpion.
You kill the scorpion!
Cheibriados appreciates the change of pace.
Your Armour skill increases to level 3!
You have reached level 5!
You closely miss the orc wizard. The orc wizard hits you with a dagger.
You hit the orc wizard.
The orc wizard is lightly wounded.
You feel sick.
Your spectral weapon hits the orc wizard.
The orc wizard mumbles some strange words.
The orc wizard blinks!
You swap places.
You feel sick.
You see here a scorpion corpse.
You feel sick.
The orc wizard hits you but does no damage.
The orc wizard completely misses you.
You closely miss the orc wizard.
The orc wizard is moderately wounded.
Your spectral weapon hits the orc wizard.
The orc wizard hits you with a dagger.
* * * LOW HITPOINT WARNING * * *
You hit the orc wizard.
You kill the orc wizard!
Cheibriados appreciates the change of pace.
You swap places.
You feel sick.
Things that are here:
a dagger; a robe; an orc corpse You see here a scorpion corpse.
You feel sick.
Your spectral weapon fades away.
You see here 4 tomahawks.
Casting: Spectral Weapon
Confirm with . or Enter, or press ? or * to list all spells.
Your skin crawls.
i - 4 tomahawks You feel sick.
You see here a scorpion corpse.
You see here 11 gold pieces.
You now have 159 gold pieces (gained 11).
Your skin is crawling a little less now.
You feel sick.
There is a stone staircase leading down here.
You feel sick.
Things that are here:
a dagger; a robe; an orc corpse
m - a dagger Your skin stops crawling.
There is a stone staircase leading down here.
You feel sick.
You are no longer poisoned.
You climb downwards.
A jelly, an orc and an ogre come into view.
There is a stone staircase leading up here.
Wield which item (- for none, * to show all)? (? for menu, Esc to quit)
m - a +0 dagger (weapon)
The helpless ogre fails to defend itself.
You puncture the ogre!
The ogre is heavily wounded.
The ogre hits you with a giant spiked club!!
Ouch! That really hurt!
* * * LOW HITPOINT WARNING * * *
The orc shouts!
The jelly quivers.
You aren't carrying any items that you can evoke.
Unknown command.
Okay, then.
Unknown command.
Okay, then.
Unknown command.
It was a potion of curing.
You feel better.
You hear an angry hiss.
The ogre hits you with a giant spiked club!
You die...

###########
#.........#
#.........#
#.........# #
#.........#
...#.........#
#...........#
#....@.....#
##..O......#
#.........#
#.........#
#...o.....#
.........J#
#..........+
...........#


You could see an ogre, a jelly and an orc.

Vanquished Creatures
  A phantom (D:4)
  A scorpion (D:4)
  An orc wizard (D:4)
  An ooze (D:4)
  3 orcs (D:3)
  3 bats
  A giant cockroach (D:1)
  A goblin (D:2)
  3 hobgoblins
  2 kobolds
  3 rats
20 creatures vanquished.

Vanquished Creatures (others)
  A spectral weapon (D:4)
1 creature vanquished.

Grand Total: 21 creatures vanquished

Notes
Turn   | Place    | Note
-------+----------+-------------------------------------------
     0 | D:1      | tidbits the Gnoll Skald began the quest for the Orb.
     0 | D:1      | Reached XP level 1. HP: 20/20 MP: 6/6
   127 | D:2      | Reached XP level 2. HP: 15/26 MP: 0/7
   131 | D:2      | Learned a level 2 spell: Song of Slaying
   134 | D:2      | Learned a level 2 spell: Shroud of Golubria
   258 | D:3      | Found a hide-covered altar of Uskayaw.
   373 | D:4      | Noticed a scorpion
   377 | D:3      | Found a snail-covered altar of Cheibriados.
   383 | D:3      | Became a worshipper of Cheibriados the Contemplative
   458 | D:4      | Reached XP level 3. HP: 31/31 MP: 9/9
   463 | D:4      | Learned a level 3 spell: Spectral Weapon
   467 | D:4      | Learned a level 3 spell: Regeneration
   478 | D:4      | Noticed a phantom
   522 | D:4      | Killed a phantom
   522 | D:4      | Reached skill level 1 in Short Blades
   522 | D:4      | Reached skill level 1 in Long Blades
   522 | D:4      | Reached skill level 1 in Maces & Flails
   522 | D:4      | Reached skill level 1 in Polearms
   522 | D:4      | Reached skill level 1 in Staves
   522 | D:4      | Reached skill level 1 in Slings
   522 | D:4      | Reached skill level 1 in Bows
   522 | D:4      | Reached skill level 1 in Crossbows
   522 | D:4      | Reached skill level 1 in Throwing
   522 | D:4      | Reached skill level 1 in Stealth
   522 | D:4      | Reached skill level 1 in Shields
   522 | D:4      | Reached skill level 1 in Unarmed Combat
   522 | D:4      | Reached skill level 5 in Spellcasting
   522 | D:4      | Reached skill level 1 in Conjurations
   522 | D:4      | Reached skill level 1 in Hexes
   522 | D:4      | Reached skill level 1 in Summonings
   522 | D:4      | Reached skill level 1 in Necromancy
   522 | D:4      | Reached skill level 1 in Translocations
   522 | D:4      | Reached skill level 1 in Transmutations
   522 | D:4      | Reached skill level 1 in Fire Magic
   522 | D:4      | Reached skill level 1 in Ice Magic
   522 | D:4      | Reached skill level 1 in Air Magic
   522 | D:4      | Reached skill level 1 in Earth Magic
   522 | D:4      | Reached skill level 1 in Poison Magic
   522 | D:4      | Reached skill level 1 in Invocations
   522 | D:4      | Reached skill level 1 in Evocations
   522 | D:4      | Reached XP level 4. HP: 5/38 MP: 4/11
   539 | D:4      | Noticed an ogre
   610 | D:4      | Reached skill level 3 in Armour
   610 | D:4      | Reached XP level 5. HP: 23/43 MP: 8/12
   631 | D:5      | Entered Level 5 of the Dungeon
   631 | D:5      | Noticed an ogre
   633 | D:5      | HP: 3/43 [ogre/giant spiked club (24)]
   634 | D:5      | Mangled by an ogre

Skill      XL: |  1  2  3  4 |
---------------+-------------+-----
Short Blades   | 1 |  1.6
Long Blades    | 1 |  1.6
Maces & Flails | 1 |  1.6
Polearms       | 1 |  1.6
Staves         | 1 |  1.6
Slings         | 1 |  1.6
Bows           | 1 |  1.6
Crossbows      | 1 |  1.6
Throwing       | 1 |  1.6
Stealth        | 1 |  1.6
Shields        | 1 |  1.6
Unarmed Combat | 1 |  1.6
Spellcasting   | 5 |  5.2
Conjurations   | 1 |  1.2
Hexes          | 1 |  1.2
Summonings     | 1 |  1.2
Necromancy     | 1 |  1.2
Translocations | 1 |  1.2
Transmutations | 1 |  1.2
Fire Magic     | 1 |  1.2
Ice Magic      | 1 |  1.2
Air Magic      | 1 |  1.2
Earth Magic    | 1 |  1.2
Poison Magic   | 1 |  1.2
Invocations    | 1 |  1.8
Evocations     | 1 |  1.6
Armour         | 3 |  3.0
Fighting       | |  4.8
Axes           | |  4.8
Dodging        | |  4.8
Charms         | |  5.5

Action                   |  1- 3 |  4- 6 || total
-------------------------+-------+-------++-------
Melee: Hand axe          |    54 |    13 ||    67
       Bite              |     7 |       ||     7
       Dagger            |       |     1 ||     1
 Cast: Infusion          |     6 |       ||     6
       Spectral Weapon   |     3 |     1 ||     4
       Regeneration      |       |     3 ||     3
  Use: Scroll            |     1 |       ||     1
       Potion            |       |     2 ||     2
 Stab: Sleeping          |     1 |     1 ||     2
  Eat: Ration            |     1 |       ||     1
Armor: Leather armour    |    12 |       ||    12
Dodge: Dodged            |    46 |     7 ||    53

Table legend:
 A = Turns spent in this place as a percentage of turns spent in the entire game.
 B = Non-inter-level travel turns spent in this place as a percentage of non-inter-level travel turns spent in the entire game.
 C = Inter-level travel turns spent in this place as a percentage of turns spent in this place.
 D = Turns resting spent in this place as a percentage of non-inter-level travel turns spent in this place.
 E = Turns spent auto-exploring this place as a percentage of non-inter-level travel turns spent in this place.
 F = Non-inter-level travel turns spent in this place divided by the number of levels of this place that you've seen.
                   A       B       C       D       E      F
               +-------+-------+-------+-------+-------+----------------------
         Total | 100.0 | 100.0 |   0.0 |   0.0 |   0.0 | 126.8
       Dungeon | 100.0 | 100.0 |   0.0 |   0.0 |   0.0 | 126.8
               +-------+-------+-------+-------+-------+----------------------

Table legend:
 A = Kills in this place as a percentage of kills in entire the game.
 B = Kills by you in this place as a percentage of kills by you in the entire game.
 C = Kills by friends in this place as a percentage of kills by friends in the entire game.
 D = Other kills in this place as a percentage of other kills in the entire game.
 E = Experience gained in this place as a percentage of experience gained in the entire game.
 F = Experience gained in this place divided by the number of levels of this place that you have seen.
                   A       B       C       D       E      F
               +-------+-------+-------+-------+-------+----------------------
         Total | 100.0 | 100.0 |   N/A |   N/A | 100.0 |  55.4
       Dungeon | 100.0 | 100.0 |   N/A |   N/A | 100.0 |  55.4
               +-------+-------+-------+-------+-------+----------------------

Vault maps used:
D:1:      arrival_zaba_pyramid, grunt_decor_one_mirror, minmay_cupped
D:3:      cheibrodos_helix_gallery, cheibriados_altar_1,
          nicolae_overflow_crystal_walls, first_ration,
          chequers_ecumenical_altar_grove, minmay_distorted
D:4:      kennysheep_mini, nemelex_altar_shiori, st_stairs_3, uniq_ijyb
D:5:      gammafunk_temple_overflow_claw, minmay_tree_intersection,
          minmay_crystal_room, palyth_stone_intersect, uniq_edmund,
          uniq_duvessa, uniq_menkaure
